 Dungeon Crawl Stone Soup version 0.21.1-68-g103a7afc0a (webtiles) character file.

107 Raybro228 the Vexing (level 4, -1/18 HPs)
             Began as a Felid Enchanter on Aug 3, 2018.
             Slain by a vampire bat (3 damage)
             ... on level 3 of the Dungeon.
             The game lasted 00:19:17 (2807 turns).

Raybro228 the Vexing (Felid Enchanter)              Turns: 2807, Time: 00:19:18

Health: -1/18      AC:  1    Str:  4    XL:     4   Next: 56%
Magic:  2/9        EV: 18    Int: 16    God:
Gold:   75         SH:  0    Dex: 17    Spells: 3/9 levels left
                                        Lives:  0   Deaths: 1

rFire    . . .     SeeInvis +     - Unarmed
rCold    . . .     Gourm    .   (shield unavailable)
rNeg     . . .     Faith    .   (armour unavailable)
rPois    .         Spirit   .   (helmet unavailable)
rElec    .         Reflect  .   (cloak unavailable)
rCorr    .         Harm     .   (gloves unavailable)
MR       .....                  (boots unavailable)
Stlth    +++.......             (no amulet)
HPRegen  0.06/turn              (no ring)
MPRegen  0.11/turn              (no ring)

@: about to teleport, quick
A: very small, no armour, no weapons or thrown items, stealth, claws 1, fangs 3,
see invisible, carnivore, speed 1, shaggy fur 1, slow metabolism 1, sharp paws
a: no special abilities


You were on level 3 of the Dungeon.
You were not hungry.

You visited 1 branch of the dungeon, and saw 3 of its levels.

You collected 75 gold pieces.

Inventory:

Jewellery
 k - an uncursed ring of ice {unknown}
Scrolls
 c - a scroll of teleportation
 f - a scroll of fear {unknown}
 g - a scroll of amnesia {unknown}
 h - 4 scrolls of identify {unknown}
 i - a scroll of magic mapping {unknown}
 j - a scroll of blinking {unknown}
 l - a scroll of enchant weapon {unknown}
 o - a scroll of immolation {unknown}
Potions
 d - 4 potions of curing {unknown}
 e - a potion of might {unknown}
 m - 3 potions of heal wounds {unknown}
 n - a potion of resistance {unknown}
 p - a potion of brilliance {unknown}
Books
 a - a book of Maledictions

   Spells                             Type                      Level
   a - Corona                         Hexes                        1
   b - Ensorcelled Hibernation        Hexes/Ice                    2
   c - Confuse                        Hexes                        3
   d - Tukima's Dance                 Hexes                        3
   e - Dazzling Spray                 Conjuration/Hexes            3
Comestibles
 b - 5 rations


   Skills:
 + Level 0.7 Fighting
 + Level 2.8 Dodging
 + Level 5.1 Stealth
 + Level 2.2 Unarmed Combat
 + Level 3.0 Spellcasting
 + Level 5.5 Hexes
 + Level 1.0 Ice Magic


You had 3 spell levels left.
You knew the following spells:

 Your Spells              Type           Power        Failure   Level  Hunger
a - Corona                Hex            ###....      1%          1    #......
b - Ensorcelled Hibernat  Hex/Ice        ##....       7%          2    ##.....
c - Confuse               Hex            ###.....     5%          3    ###....


Dungeon Overview and Level Annotations

Branches:
Dungeon (3/15)

Altars:
Cheibriados
Kikubaaqudgha
Ru
Sif Muna

Annotations:
D:3 Sigmund


Innate Abilities, Weirdness & Mutations

You cannot wear armour.
You are incapable of wielding weapons or throwing items.
Your paws allow you to move quietly. (Stealth)
You have sharp claws.
You have razor-sharp teeth.
You have supernaturally acute eyesight. (SInv)
You are carnivorous and can eat meat at any time.
You cover ground quickly.
You are covered in fur. (AC +1)
You have a slow metabolism.
Your sharp claws are effective at attacking unaware monsters.


Message History

The vampire bat misses you.
There is an open gate here.
Unknown command.
Unknown command.
Unknown command.
Unknown command.
Unknown command.
Unknown command.
Unknown command.
Unknown command.
The vampire bat closely misses you.
There are monsters nearby!
As you read the scroll of teleportation, it crumbles to dust.
You feel strangely unstable. The vampire bat barely misses you.
The vampire bat completely misses you. The vampire bat barely misses you. x2
The vampire bat misses you. The vampire bat barely misses you.
The vampire bat closely misses you. The vampire bat completely misses you.
The vampire bat barely misses you. The vampire bat bites you.
You die...

#...###.....####.# ..
#.#...........##.# .# #
#...###.....#.##.# .# .#
##.## ##...##.##.##.# .###
#.# ##...........# .....
#.# #.####.###.####..####
#.######.####.#
#...........
#...........b.###..#.#.####
#..####.....b@.....#.#.#
#.## ##'''#####..#.#.#.#
### ##.....## #..#.#.#.#
#####
##.⌠.#.⌠.###..#.#.#.###...#
#.#.#.#.#.##....#.#.##.....
#..#.⌠.#..##. #.#.........<
#.#.#.#.#.# #.#..........
##.⌠.#.⌠.## #.##.........
##.#.#.#.#[# #.###.##.....


You could see 2 vampire bats.

Vanquished Creatures
  A vampire bat (D:3)
  Robin (D:1)
  4 adders
  A worm (D:2)
  2 dart slugs
  4 leopard geckos
  An orc (D:3)
  2 ball pythons
  4 bat skeletons (D:3)
  2 bat zombies (D:3)
  5 giant cockroaches
  10 goblins
  3 hobgoblins
  6 jackals
  2 quokkas (D:2)
  4 bats
  3 frilled lizards
  2 kobolds (D:2)
  4 rats
61 creatures vanquished.

Notes
Turn   | Place    | Note
-------+----------+-------------------------------------------
     0 | D:1      | Raybro228 the Felid Enchanter began the quest for the Orb.
     0 | D:1      | Reached XP level 1. HP: 7/7 MP: 4/4
   244 | D:1      | Reached XP level 2. HP: 10/11 MP: 4/6
   248 | D:1      | Learned a level 2 spell: Ensorcelled Hibernation
   700 | D:2      | Noticed Robin
   952 | D:2      | Reached XP level 3. HP: 9/14 MP: 1/7
  1495 | D:2      | Reached skill level 5 in Hexes
  1640 | D:3      | Noticed Sigmund
  1649 | D:1      | Reached XP level 4. HP: 5/18 MP: 3/9
  1784 | D:1      | Killed Robin
  2269 | D:2      | Learned a level 3 spell: Confuse
  2467 | D:2      | Found a snail-covered altar of Cheibriados.
  2503 | D:2      | Reached skill level 1 in Ice Magic
  2635 | D:3      | Slain by Sigmund
  2636 | D:3      | Reached XP level 3. HP: 0/14 MP: 8/8
  2666 | D:3      | Found a deep blue altar of Sif Muna.
  2666 | D:3      | Found a sacrificial altar of Ru.
  2755 | D:3      | Found an ancient bone altar of Kikubaaqudgha.
  2767 | D:3      | Reached XP level 4. HP: 16/18 MP: 7/9
  2786 | D:3      | Reached skill level 5 in Stealth
  2807 | D:3      | Slain by a vampire bat

Skill      XL: |  1  2  3  4 |
---------------+-------------+-----
Hexes          | 5 |  5.5
Ice Magic      | 1 |  1.0
Unarmed Combat | 2 |  2.2
Stealth        | 5 |  5.1
Spellcasting   | 3 |  3.0
Fighting       | |  0.7
Dodging        | |  2.8

Action                   |  1- 3 |  4- 6 || total
-------------------------+-------+-------++-------
Melee: Unarmed           |    74 |    59 ||   133
       Bite              |     1 |     5 ||     6
       Punch             |       |     1 ||     1
 Cast: Corona            |    15 |    15 ||    30
       Ensorcelled Hiber |    24 |    19 ||    43
       Confuse           |       |     3 ||     3
  Use: Scroll            |       |     2 ||     2
 Stab: Sleeping          |    30 |     7 ||    37
       Confused          |       |     1 ||     1
  Eat: Chunk             |     1 |     3 ||     4
       Ration            |       |     1 ||     1
Armor: Skin              |     3 |     5 ||     8
Dodge: Dodged            |    80 |   106 ||   186
